[Event "Titled Tuesday Blitz September 27 Early 2022"]
[White "Girel, Joseph"]
[Black "Vachylia, Andrii"]
[WhiteFideId "36033561"]
[BlackFideId "14137224"]
[WhiteElo "2104"]
[BlackElo "2318"]
[Result "0-1"]
[Round "07"]
[TimeControl "180+1"]
[Date "2022.09.27"]
[WhiteClock "0:00:06"]
[BlackClock "0:00:25"]

1. d4 Nf6 2. c4 e6 3. Nf3 b6 4. g3 Bb7 5. Bg2 Be7 6. O-O O-O 7. Re1 d5 8. cxd5 exd5 9. Nc3 Re8 10. Bf4 Na6 11. Rc1 Bf8 12. Ne5 h6 13. h4 Qe7 14. e3 c5 15. g4 Ne4 16. dxc5 Naxc5 17. g5 hxg5 18. hxg5 Nxg5 19. Nxd5 Bxd5 20. Qxd5 Rad8 21. Nc6 Rxd5 22. Nxe7+ Bxe7 23. Bxd5 Nd3 24. Red1 Nxc1 25. Rxc1 Nh3+ 26. Kg2 Nxf4+ 27. exf4 Bc5 28. Kf3 a5 29. Rd1 g6 30. Bc4 Kg7 31. a3 Re7 32. Rd5 Rc7 33. Bb3 Be7 34. f5 gxf5 35. Rxf5 Bf6 36. Rb5 Bxb2 37. Rxb6 Bxa3 38. Ra6 Rc3+ 39. Ke4 Rxb3 40. Rxa5 Bd6 41. Rd5 Rb4+ 42. Kf3 Bb8 43. Rg5+ Kf6 44. Ra5 Kg6 45. Ra6+ f6 46. Ra5 f5 47. Ra1 Rb3+ 48. Kg2 Kg5 49. Ra4 Bc7 50. Rc4 Bb6 51. f3 Ba7 52. Rc8 Rb2+ 53. Kh3 Bb8 54. Rg8+ Kf4 55. Rg7 Kxf3 56. Rg3+ Ke4 57. Rg2 Rxg2 0-1


[Site "https://www.chess.com"]

[Event "Titled Tuesday Blitz September 27 Early 2022"]
[White "Goltsev, Dmitry"]
[Black "Kislov, Oleg"]
[WhiteFideId "24176710"]
[BlackFideId "13503774"]
[WhiteElo "2717"]
[BlackElo "2493"]
[Result "1/2-1/2"]
[Round "07"]
[TimeControl "180+1"]
[Date "2022.09.27"]
[WhiteClock "0:00:51"]
[BlackClock "0:00:43"]

1. e4 e6 2. d4 d5 3. exd5 exd5 4. Nf3 Nf6 5. c4 Bb4+ 6. Nc3 O-O 7. Be2 dxc4 8. Bxc4 Re8+ 9. Be3 Nd5 10. O-O Bxc3 11. bxc3 Be6 12. Qb3 Nc6 13. Bxd5 Bxd5 14. Qd1 Na5 15. Ne5 f6 16. Nd3 Nc4 17. Bf4 b6 18. Nb4 c6 19. Qd3 a5 20. Nxc6 Bxc6 21. Qxc4+ Qd5 22. Qxd5+ Bxd5 23. a3 b5 24. Rfe1 Kf7 25. Bd6 Rxe1+ 26. Rxe1 Re8 27. Rxe8 Kxe8 28. Bc7 a4 29. Bd6 Kd7 30. Bf8 g6 31. f3 f5 32. Kf2 Ke6 33. Bh6 Kf7 34. Ke3 Ke6 35. Kf4 Bc4 36. Kg5 Bd5 37. Bf8 Kf7 38. Bd6 Bc4 39. Kh6 Kg8 40. h4 Bf1 41. g4 fxg4 42. fxg4 Be2 43. h5 gxh5 44. Kxh5 Kf7 45. Be5 Bc4 46. Kh6 Kg8 47. Bf4 Bd5 48. Bd2 Bf3 49. Kg5 Kf7 50. Kf5 Ke7 51. g5 Kd6 52. Kf6 Be4 53. Bf4+ Kd5 54. Bc7 Bg6 55. Ba5 Bd3 1/2-1/2


[Site "https://www.chess.com"]

[Event "Titled Tuesday Blitz September 27 Early 2022"]
[White "Gorshtein, Ido"]
[Black "Dilanyan, Grigor"]
[WhiteFideId "2815532"]
[BlackFideId "13303570"]
[WhiteElo "2832"]
[BlackElo "2656"]
[Result "1-0"]
[Round "07"]
[TimeControl "180+1"]
[Date "2022.09.27"]
[WhiteClock "0:00:21"]
[BlackClock "0:00:02"]

1. Nf3 g6 2. g3 Bg7 3. Bg2 e5 4. O-O d5 5. d3 Ne7 6. Nbd2 O-O 7. e4 c6 8. Re1 d4 9. Nc4 f6 10. c3 b5 11. Na3 dxc3 12. bxc3 Be6 13. d4 Nd7 14. Nc2 f5 15. Ng5 Bc4 16. Ne3 Bf7 17. Ba3 exd4 18. cxd4 fxe4 19. Bxe4 Rc8 20. Nxf7 Rxf7 21. Rc1 Nb6 22. Bc5 Na4 23. Bxe7 Rxe7 24. Bxc6 Kh8 25. d5 Nc3 26. Qb3 b4 27. a3 a5 28. axb4 axb4 29. h4 Qb6 30. Kg2 Rf8 31. Rc2 Qc5 32. h5 gxh5 33. Rh1 Qd6 34. Rxh5 Qg6 35. Rh4 Ref7 36. Qxb4 1-0


[Site "https://www.chess.com"]

[Event "Titled Tuesday Blitz September 27 Early 2022"]
[White "Gracia Alvarez, Gerardo Antonio"]
[Black "Matinian, Nikita"]
[WhiteFideId "5109124"]
[BlackFideId "24129100"]
[WhiteElo "2139"]
[BlackElo "2422"]
[Result "0-1"]
[Round "07"]
[TimeControl "180+1"]
[Date "2022.09.27"]
[WhiteClock "0:00:04"]
[BlackClock "0:00:53"]

1. d4 Nf6 2. Bf4 d5 3. Nf3 Bf5 4. e3 e6 5. c4 Bd6 6. Bxd6 cxd6 7. Nc3 dxc4 8. Bxc4 O-O 9. O-O Nbd7 10. Qe2 Rc8 11. Bb3 Bg4 12. h3 Bxf3 13. Qxf3 d5 14. Rac1 Nb6 15. Rfd1 Qd7 16. Qe2 Nc4 17. e4 Na5 18. Ba4 Qd8 19. e5 Nd7 20. Bc2 Nc4 21. Bb1 Qb6 22. b3 Na3 23. Bd3 g6 24. h4 Qxd4 25. Bb5 Rxc3 26. Rxd4 Rxc1+ 27. Kh2 Rc2 28. Qf1 Nxe5 29. Be2 Rfc8 30. f4 Nc6 31. Ra4 Rxa2 32. h5 Ne7 33. h6 Nf5 34. Rxa7 Nxh6 35. Qd1 Nf5 36. Qd3 Rcc2 37. Bf3 Nh4 38. Ra8+ Kg7 39. Qd4+ Kh6 40. Kg3 Nf5+ 0-1


[Site "https://www.chess.com"]

[Event "Titled Tuesday Blitz September 27 Early 2022"]
[White "Gu, Xiaobing"]
[Black "Harshad S"]
[WhiteFideId "8602611"]
[BlackFideId "46616551"]
[WhiteElo "2400"]
[BlackElo "2714"]
[Result "1-0"]
[Round "07"]
[TimeControl "180+1"]
[Date "2022.09.27"]
[WhiteClock "0:01:07"]
[BlackClock "0:00:36"]

1. e4 c5 2. Nf3 d6 3. d4 cxd4 4. Nxd4 Nf6 5. Nc3 a6 6. h3 e5 7. Nb3 h6 8. f4 Be7 9. Be3 b5 10. Nd5 Nxe4 11. Bb6 Bh4+ 12. g3 Bxg3+ 13. Ke2 Qh4 14. Nc7+ Kd7 15. Bg2 Bb7 16. Bxe4 Qh5+ 17. Kf1 Qxd1+ 18. Rxd1 Bxe4 19. Nc5+ Kc6 20. Nxe4 Bxf4 21. Rxd6+ Kb7 22. Nc5+ Kc8 23. Nxa8 1-0


[Site "https://www.chess.com"]

[Event "Titled Tuesday Blitz September 27 Early 2022"]
[White "Guerrero Olmos, Sergio"]
[Black "Bilych, Olexiy"]
[WhiteFideId "2257238"]
[BlackFideId "14156504"]
[WhiteElo "2259"]
[BlackElo "2157"]
[Result "0-1"]
[Round "07"]
[TimeControl "180+1"]
[Date "2022.09.27"]
[WhiteClock "0:00:31"]
[BlackClock "0:00:56"]

1. d4 Nf6 2. Nf3 d5 3. Bf4 c5 4. e3 Nc6 5. c3 Qb6 6. Na3 c4 7. b3 e6 8. Nb1 Ne4 9. Qc2 cxb3 10. axb3 Bd7 11. Bd3 Rc8 12. Bxe4 dxe4 13. Nfd2 Nb4 14. Qxe4 Bc6 15. Nc4 Qd8 16. Qxc6+ Nxc6 17. O-O Be7 18. Nbd2 O-O 19. b4 Nxd4 20. exd4 b5 21. Ne5 Rxc3 22. Rxa7 Qxd4 23. Rxe7 Qxf4 24. Ndf3 Qxb4 25. Rb7 Qb2 26. h4 Rc1 27. g3 Rxf1+ 28. Kxf1 b4 29. Kg2 b3 30. Nc4 Qc3 31. Nfd2 Rc8 32. Rxb3 Qxb3 33. Nxb3 Rxc4 34. Nd2 Ra4 35. Nf3 g6 36. Ne5 Kg7 37. Nd7 h6 38. Nc5 Rc4 39. Nd7 g5 40. h5 g4 41. Ne5 Re4 42. Nd3 f5 43. Nc5 Re1 44. Nd3 Rd1 45. Nf4 e5 46. Ng6 Kf6 47. Nf8 Kg5 48. Ng6 Re1 49. Nh4 f4 50. f3 Kxh5 51. Kf2 fxg3+ 52. Kxe1 Kxh4 0-1


[Site "https://www.chess.com"]

[Event "Titled Tuesday Blitz September 27 Early 2022"]
[White "Guz, Ari"]
[Black "Gabrielian, Artur"]
[WhiteFideId "2825759"]
[BlackFideId "4131002"]
[WhiteElo "2635"]
[BlackElo "2779"]
[Result "0-1"]
[Round "07"]
[TimeControl "180+1"]
[Date "2022.09.27"]
[WhiteClock "0:01:25"]
[BlackClock "0:02:36"]

1. e4 c5 2. Nf3 d6 3. c3 Nf6 4. Bd3 g6 5. Bc2 Bg7 6. h3 O-O 7. O-O e5 8. d4 cxd4 9. cxd4 exd4 10. Nxd4 d5 11. e5 Ne4 12. f4 f6 13. exf6 Bxf6 14. Bxe4 dxe4 15. Be3 Nc6 16. Nc3 Bxd4 0-1


[Site "https://www.chess.com"]

[Event "Titled Tuesday Blitz September 27 Early 2022"]
[White "Hansen, Torbjorn Ringdal"]
[Black "Yang, Ray"]
[WhiteFideId "1501720"]
[BlackFideId "3220281"]
[WhiteElo "2383"]
[BlackElo "1796"]
[Result "1-0"]
[Round "07"]
[TimeControl "180+1"]
[Date "2022.09.27"]
[WhiteClock "0:00:16"]
[BlackClock "0:00:12"]

1. e4 e6 2. d4 d5 3. e5 c5 4. c3 Qb6 5. Nf3 Nc6 6. Bd3 cxd4 7. cxd4 Bd7 8. O-O Nxd4 9. Nbd2 Bc5 10. Nxd4 Bxd4 11. Nf3 Ne7 12. Rb1 Nc6 13. b4 Nxe5 14. a4 Nxd3 15. Qxd3 Bf6 16. Be3 Qd8 17. Bc5 Be7 18. Qd4 Bxc5 19. Qxg7 Rf8 20. bxc5 Bc6 21. Ne5 Qe7 22. Qxh7 O-O-O 23. Nxc6 bxc6 24. Qd3 Qxc5 25. Qa6+ Kd7 26. Rfc1 Qd6 27. Rb7+ Ke8 28. Rxc6 Qe5 29. Rc1 Rh8 30. g3 Qh5 31. h4 Qg6 32. Rcc7 Rxh4 33. Re7+ Kf8 34. Rxf7+ Ke8 35. Rbe7# 1-0


[Site "https://www.chess.com"]

[Event "Titled Tuesday Blitz September 27 Early 2022"]
[White "Harish, Neeraj"]
[Black "Rosenberg, Evan S"]
[WhiteFideId "30958130"]
[BlackFideId "2019299"]
[WhiteElo "1574"]
[BlackElo "2359"]
[Result "0-1"]
[Round "07"]
[TimeControl "180+1"]
[Date "2022.09.27"]
[WhiteClock "0:00:05"]
[BlackClock "0:00:26"]

1. e4 e6 2. d4 d5 3. Nc3 Bb4 4. e5 c5 5. a3 Bxc3+ 6. bxc3 Ne7 7. h4 Qc7 8. h5 h6 9. Rb1 Nbc6 10. Qg4 Rg8 11. Bd3 c4 12. Bh7 Nxe5 13. Qf4 Nd3+ 14. cxd3 Qxf4 15. Bxf4 Rh8 16. dxc4 Rxh7 17. c5 b6 18. cxb6 axb6 19. Bd6 Ra6 20. Nf3 Nf5 21. Bc7 Rxa3 22. Bxb6 Rxc3 23. O-O g6 24. Ne5 gxh5 25. Bc5 f6 26. Rb8 fxe5 27. Rxc8+ Kd7 28. Ra8 Rg7 29. Ra7+ Kc6 30. Rxg7 Nxg7 31. Bf8 Nf5 32. dxe5 d4 33. Ra1 Kd5 34. Ra5+ Ke4 35. Kf1 d3 36. Ke1 Rc2 37. f3+ Kf4 0-1


[Site "https://www.chess.com"]

[Event "Titled Tuesday Blitz September 27 Early 2022"]
[White "Harsh Suresh"]
[Black "Lahdelma, Henri"]
[WhiteFideId "45018464"]
[BlackFideId "510394"]
[WhiteElo "2070"]
[BlackElo "2210"]
[Result "0-1"]
[Round "07"]
[TimeControl "180+1"]
[Date "2022.09.27"]
[WhiteClock "0:00:51"]
[BlackClock "0:00:17"]

1. e4 e6 2. d3 d5 3. Nd2 Nf6 4. Ngf3 Nc6 5. g3 dxe4 6. dxe4 e5 7. Bg2 Bc5 8. O-O O-O 9. Qe2 a5 10. Nb3 Bb6 11. Bg5 h6 12. Rad1 Qe7 13. Bxf6 Qxf6 14. c3 a4 15. Nbd2 Bc5 16. b4 axb3 17. axb3 Ra2 18. Ra1 Rxa1 19. Rxa1 Be6 20. b4 Bb6 21. Nc4 Bxc4 22. Qxc4 Rd8 23. Qe2 Qd6 24. h4 Qd3 25. Qxd3 Rxd3 26. Ra8+ Kh7 27. Rf8 f6 28. h5 Rd8 29. Rxd8 Nxd8 30. Bh3 Kg8 31. Nh4 Kf7 32. Kg2 Nc6 33. Bc8 Nd8 34. f4 exf4 35. gxf4 Be3 36. Kf3 Bd2 37. b5 Bxc3 38. Nf5 Bb4 39. e5 fxe5 40. fxe5 c6 41. b6 Ba5 42. Nd6+ Ke7 43. Nc4 Bc3 44. Ke4 Bb4 45. Kf5 Bc5 46. Kg6 Ne6 47. Bxe6 Kxe6 48. Kxg7 Kd5 49. Kxh6 Kxc4 50. Kg6 Kd5 51. Kf5 Bd4 52. e6 Kd6 53. h6 Ke7 54. h7 Bh8 55. Kg6 Kxe6 56. Kh6 c5 57. Kg6 c4 58. Kh6 c3 59. Kh5 c2 60. Kg6 c1=Q 61. Kh5 Qg1 62. Kh4 Kf5 63. Kh3 Kf4 64. Kh4 Qh1# 0-1


[Site "https://www.chess.com"]

[Event "Titled Tuesday Blitz September 27 Early 2022"]
[White "Ibrahimli, Murad"]
[Black "Maltsevskaya, Aleksandra"]
[WhiteFideId "13410229"]
[BlackFideId "24174041"]
[WhiteElo "2109"]
[BlackElo "2243"]
[Result "0-1"]
[Round "07"]
[TimeControl "180+1"]
[Date "2022.09.27"]
[WhiteClock "0:00:02"]
[BlackClock "0:00:06"]

1. d4 Nf6 2. c4 g6 3. Nc3 d6 4. e4 Bg7 5. Nf3 O-O 6. Be2 e5 7. O-O Nc6 8. d5 Ne7 9. b4 Nh5 10. Re1 f5 11. a4 Nf6 12. Bd3 h6 13. c5 g5 14. cxd6 cxd6 15. exf5 Nxf5 16. Ne4 Nxe4 17. Bxe4 g4 18. Nd2 Qh4 19. g3 Qf6 20. Bb2 h5 21. Bd3 Nh4 22. Qe2 Nf3+ 23. Nxf3 gxf3 24. Qe4 Bf5 25. Qxf5 Qxf5 26. Bxf5 Rxf5 27. Rac1 Rf7 28. b5 h4 29. Ba3 hxg3 30. hxg3 Bf8 31. Re4 Re8 32. Rc3 Rf5 33. g4 Rf4 34. Rxf4 exf4 35. Rxf3 Re4 36. Kg2 Rxa4 37. Bc1 Bh6 38. Rc3 Kf7 39. Kf3 Kf6 40. Bb2 Ra2 41. Rb3+ Kg6 42. Bd4 Bg5 43. Rc3 Ra4 44. Rd3 Rb4 45. Bc3 Rxb5 46. Bd2 a5 47. Bxf4 Bxf4 48. Kxf4 a4 49. Kg3 Rb3 0-1


[Site "https://www.chess.com"]

[Event "Titled Tuesday Blitz September 27 Early 2022"]
[White "Ismayil, Malak"]
[Black "Rostomyan, Mikayel"]
[WhiteFideId "13412604"]
[BlackFideId "13313754"]
[WhiteElo "1879"]
[BlackElo "1426"]
[Result "0-1"]
[Round "07"]
[TimeControl "180+1"]
[Date "2022.09.27"]
[WhiteClock "0:00:03"]
[BlackClock "0:00:16"]

1. e4 c5 2. Nf3 d6 3. Bb5+ Nd7 4. Bxd7+ Bxd7 5. O-O Nf6 6. Re1 e6 7. d4 cxd4 8. Nxd4 Be7 9. c4 a6 10. b3 O-O 11. Nc3 Qc7 12. Bb2 Rac8 13. Rc1 Rfd8 14. h3 Qb8 15. Qe2 e5 16. Nc2 b5 17. Ne3 Bc6 18. Ncd5 Bxd5 19. exd5 bxc4 20. bxc4 Nd7 21. Ba3 Nc5 22. Rb1 Qc7 23. Nf5 Bf8 24. Bb4 g6 25. Ne3 f5 26. Rec1 Bh6 27. Qd2 Qd7 28. Ba5 Re8 29. Rb6 f4 30. Ng4 Bg7 31. Rb4 h5 32. Nh2 g5 33. f3 e4 34. fxe4 Nxe4 35. Qd3 Ng3 36. Rd1 Bd4+ 37. Qxd4 Ne2+ 38. Kf2 Nxd4 39. Rxd4 Qe7 40. Nf3 g4 41. hxg4 hxg4 42. Rxf4 gxf3 43. Rxf3 Qe1# 0-1


[Site "https://www.chess.com"]

[Event "Titled Tuesday Blitz September 27 Early 2022"]
[White "Jeet, Jain"]
[Black "Zilleruelo Irizarry, Diego"]
[WhiteFideId "5073022"]
[BlackFideId "3101460"]
[WhiteElo "2055"]
[BlackElo "1998"]
[Result "1-0"]
[Round "07"]
[TimeControl "180+1"]
[Date "2022.09.27"]
[WhiteClock "0:02:03"]
[BlackClock "0:02:19"]

1. d4 d5 2. Nf3 e6 3. Bf4 Bd6 4. Bg3 Nf6 5. Nbd2 c5 6. c3 Nc6 7. e3 Bxg3 8. hxg3 h6 9. Bd3 b6 10. Qe2 Bb7 11. O-O O-O 12. a3 Rc8 13. Ne5 Nxe5 14. dxe5 Nd7 15. f4 Nb8 16. c4 Nc6 17. cxd5 Qxd5 18. Be4 Qd7 19. Rad1 Rfd8 20. Nc4 Qe7 21. Nd6 Rb8 22. Qf3 1-0


[Site "https://www.chess.com"]

[Event "Titled Tuesday Blitz September 27 Early 2022"]
[White "Jiganchine, Roman"]
[Black "Shivika, Rohilla"]
[WhiteFideId "2603667"]
[BlackFideId "45015414"]
[WhiteElo "2262"]
[BlackElo "1605"]
[Result "1-0"]
[Round "07"]
[TimeControl "180+1"]
[Date "2022.09.27"]
[WhiteClock "0:01:56"]
[BlackClock "0:02:18"]

1. Nf3 d5 2. e3 Nf6 3. c4 e6 4. b3 c5 5. Bb2 Nc6 6. cxd5 Nxd5 7. Nc3 Nf6 8. Qc2 Be7 9. h4 O-O 10. Ng5 h6 11. Nce4 e5 12. Nxf6+ Bxf6 13. Qh7# 1-0


[Site "https://www.chess.com"]

[Event "Titled Tuesday Blitz September 27 Early 2022"]
[White "Johnson, Ben"]
[Black "Thorhallsson, Simon"]
[WhiteFideId "2010917"]
[BlackFideId "2310090"]
[WhiteElo "2216"]
[BlackElo "2137"]
[Result "0-1"]
[Round "07"]
[TimeControl "180+1"]
[Date "2022.09.27"]
[WhiteClock "0:00:01"]
[BlackClock "0:00:19"]

1. Nf3 Nf6 2. c4 g6 3. b3 Bg7 4. Bb2 O-O 5. g3 b6 6. Bg2 Bb7 7. O-O d6 8. d4 Nbd7 9. d5 e6 10. e4 Nxe4 11. Bxg7 Kxg7 12. Re1 exd5 13. cxd5 Nef6 14. Nc3 Re8 15. Rxe8 Qxe8 16. Qd3 Ne5 17. Nxe5 Qxe5 18. f4 Qe7 19. h3 a6 20. Kf2 Re8 21. Qd2 b5 22. a3 h5 23. Bf3 Nd7 24. Ne4 Nc5 25. Nxc5 dxc5 26. Rc1 Qd6 27. Qc3+ Kg8 28. Qxc5 Qf6 29. Qxc7 Qd4+ 30. Kg2 Bxd5 31. Bxd5 Re2+ 32. Kh1 Qxd5+ 0-1


[Site "https://www.chess.com"]

[Event "Titled Tuesday Blitz September 27 Early 2022"]
[White "Jones, Daniel"]
[Black "Badelka, Olga"]
[WhiteFideId "2019655"]
[BlackFideId "13509926"]
[WhiteElo "2355"]
[BlackElo "2165"]
[Result "0-1"]
[Round "07"]
[TimeControl "180+1"]
[Date "2022.09.27"]
[WhiteClock "0:00:34"]
[BlackClock "0:00:12"]

1. f4 c5 2. Nf3 Nc6 3. g3 d5 4. Bg2 g6 5. O-O Bg7 6. d3 Nf6 7. c3 O-O 8. Qc2 d4 9. Nbd2 Bg4 10. e4 dxe3 11. Nc4 Bf5 12. Ne1 Nd5 13. Nxe3 Nxe3 14. Bxe3 c4 15. Be4 cxd3 16. Bxd3 Bxd3 17. Qxd3 Qa5 18. Nf3 Rfd8 19. Qc2 Rd5 20. a3 Rad8 21. Rad1 h5 22. Rxd5 Qxd5 23. c4 Qd3 24. Qxd3 Rxd3 25. Bc1 Na5 26. Ne5 Bxe5 27. fxe5 Nxc4 28. e6 fxe6 29. Bh6 Nxb2 30. Rf8+ Kh7 31. Bg5 Rd7 32. h3 Nc4 33. a4 e5 34. g4 hxg4 35. hxg4 Kg7 36. Rc8 Nd6 37. Rc5 Ne4 38. Rxe5 Nxg5 39. Rxg5 Kf6 40. Rb5 e5 41. Kf2 Ke6 42. Kf3 b6 43. a5 Rd6 44. Rb4 bxa5 45. Ra4 Rd5 46. Ke3 Rb5 47. Kf3 Kd5 48. Ke3 Rb3+ 49. Kf2 Rb5 50. Ke3 g5 51. Ra1 Rb3+ 52. Kf2 Rb5 53. Ke3 Kc4 54. Ke4 Kb4 55. Kf5 a4 56. Kxg5 a3 57. Kf5 Ka4 58. g5 e4+ 59. Kf4 e3 60. Rg1 Rb8 61. Kxe3 a2 62. Kd3 Rb1 63. Rg4+ Ka3 64. g6 a1=Q 65. g7 Rb3+ 66. Ke2 Qb2+ 67. Kf1 Qc1+ 68. Kg2 Qc2+ 69. Kh1 Rb1+ 70. Rg1 Rxg1+ 71. Kxg1 Qg6+ 72. Kf2 Qxg7 73. Ke3 Qe5+ 74. Kd2 Kb3 75. Kc1 Qc3+ 76. Kd1 Qb2 77. Ke1 Kc3 78. Kf1 Kd3 79. Kg1 Ke3 80. Kh1 Kf3 81. Kg1 Qg2# 0-1


[Site "https://www.chess.com"]

[Event "Titled Tuesday Blitz September 27 Early 2022"]
[White "Jovic, Stanoje"]
[Black "Tologon tegin, Semetei"]
[WhiteFideId "905020"]
[BlackFideId "13800574"]
[WhiteElo "2238"]
[BlackElo "2174"]
[Result "1-0"]
[Round "07"]
[TimeControl "180+1"]
[Date "2022.09.27"]
[WhiteClock "0:01:21"]
[BlackClock "0:00:05"]

1. c4 e5 2. g3 Nf6 3. Bg2 Bc5 4. Nf3 d6 5. O-O O-O 6. e3 Nc6 7. d4 exd4 8. exd4 Bb6 9. h3 Bf5 10. Nc3 Re8 11. a3 a5 12. b3 Ne4 13. Nd5 Ba7 14. Re1 Ne7 15. Nh4 Nxd5 16. cxd5 Nc3 17. Qd2 Bxd4 18. Nxf5 Rxe1+ 19. Qxe1 Ne2+ 20. Qxe2 Bxa1 21. Qb5 b6 22. Qc6 Rc8 23. h4 Qf6 24. Bh3 Rf8 25. Qxc7 Be5 26. Bg5 Qg6 27. Ne7+ Kh8 28. Nxg6+ fxg6 29. Bf4 1-0


[Site "https://www.chess.com"]

[Event "Titled Tuesday Blitz September 27 Early 2022"]
[White "Khamdamova, Afruza"]
[Black "Niekras, Dawid"]
[WhiteFideId "14210444"]
[BlackFideId "1160451"]
[WhiteElo "1668"]
[BlackElo "2296"]
[Result "1/2-1/2"]
[Round "07"]
[TimeControl "180+1"]
[Date "2022.09.27"]
[WhiteClock "0:00:06"]
[BlackClock "0:00:02"]

1. e4 c5 2. Nf3 g6 3. d4 cxd4 4. Nxd4 Nc6 5. Nc3 Bg7 6. Be3 Nf6 7. Bc4 Qa5 8. Qd2 Nxe4 9. Nxc6 Qxc3 10. bxc3 Nxd2 11. Kxd2 dxc6 12. Rae1 O-O 13. Bc5 Rd8+ 14. Kc1 e5 15. Rd1 Rxd1+ 16. Rxd1 Bf5 17. f3 h5 18. a4 b6 19. Ba3 Bf6 20. Kb2 Rd8 21. Rxd8+ Bxd8 22. Bd6 e4 23. fxe4 Bxe4 24. g3 Kg7 25. Bb8 a5 26. Be5+ Kf8 27. Bd6+ Be7 28. Bc7 Bc5 29. Kc1 Ke7 30. h4 f6 31. Bf4 Bd5 32. Bd3 Bf7 33. Kd2 Kd7 34. Ke2 Bd6 35. Be3 Bxg3 36. Bxb6 Bc7 37. Bf2 g5 38. Bf5+ Be6 39. Bg6 Bg4+ 40. Kd3 Be5 41. c4 Kc7 42. c5 Kb7 43. Be1 Bf4 44. Ke4 Bc1 45. Be8 gxh4 46. Bxh4 Bg5 47. Be1 h4 48. Bg6 f5+ 49. Bxf5 Bd1 50. Kd3 Kc7 51. Bxa5+ Kb7 52. Bc3 Be7 53. Bd4 Bf3 54. a5 Bg2 55. Ke3 h3 56. Be5 Bg5+ 57. Kf2 Bd2 58. Kg1 Bxa5 59. Kh2 Bb4 60. Bd6 Ka6 61. Bxh3 Be4 62. Bf1+ Ka5 63. c4 Ka4 64. Kg3 Kb3 65. Kf4 Bh7 66. Ke5 Bg8 67. Kf6 Bxc4 68. Bg2 Bb5 69. Ke7 Kc4 70. Kd7 Bxc5 71. Bxc6 Bxc6+ 72. Kxc6 1/2-1/2


[Site "https://www.chess.com"]

[Event "Titled Tuesday Blitz September 27 Early 2022"]
[White "Kodinets, Konstantin L."]
[Black "Janaszak, Dawid"]
[WhiteFideId "4122011"]
[BlackFideId "1119206"]
[WhiteElo "2447"]
[BlackElo "2165"]
[Result "1-0"]
[Round "07"]
[TimeControl "180+1"]
[Date "2022.09.27"]
[WhiteClock "0:00:46"]
[BlackClock "0:00:44"]

1. d4 Nf6 2. Nf3 g6 3. Bg5 Bg7 4. Nbd2 d6 5. e4 O-O 6. c3 h6 7. Bh4 c5 8. d5 Nh5 9. a4 Nd7 10. Nc4 Ndf6 11. Nfd2 e6 12. dxe6 Bxe6 13. Be2 Nf4 14. O-O Nxe2+ 15. Qxe2 d5 16. exd5 Qxd5 17. Bxf6 Bxf6 18. Rfe1 Rfe8 19. Ne3 Qc6 20. Qb5 Qc8 21. a5 a6 22. Qa4 Rd8 23. Ndc4 Qc7 24. Nb6 Rab8 25. Rad1 Bg5 26. Ned5 Qc6 27. Qxc6 bxc6 28. Nc7 Bb3 29. Rxd8+ Rxd8 30. Nxa6 c4 31. Nc5 Rd2 32. a6 Rxb2 33. a7 Ra2 34. a8=Q+ Rxa8 35. Nxa8 Bc2 36. Ne4 Be7 37. Nb6 Bd3 38. Nd2 Bc5 39. Nbxc4 Kg7 40. Re8 Kf6 41. Rc8 1-0


[Site "https://www.chess.com"]

[Event "Titled Tuesday Blitz September 27 Early 2022"]
[White "Kollars, Dmitrij"]
[Black "Nazari, Arad"]
[WhiteFideId "12909572"]
[BlackFideId "12577324"]
[WhiteElo "2584"]
[BlackElo "2129"]
[Result "1-0"]
[Round "07"]
[TimeControl "180+1"]
[Date "2022.09.27"]
[WhiteClock "0:00:51"]
[BlackClock "0:01:05"]

1. Nf3 c5 2. g3 Nc6 3. Bg2 g6 4. O-O Bg7 5. c4 d6 6. Nc3 Bg4 7. d3 Qd7 8. Nd5 e6 9. Ne3 Bxf3 10. Bxf3 Nge7 11. Rb1 O-O 12. a3 a6 13. b4 cxb4 14. axb4 b5 15. Bg2 Rab8 16. Bd2 d5 17. c5 d4 18. Nc2 Nd5 19. e3 dxe3 20. fxe3 Rbd8 21. d4 Nde7 22. Bc3 e5 23. Qf3 f5 24. dxe5 Nxe5 25. Bxe5 Bxe5 26. Rfd1 Qe6 27. Nd4 Qf6 28. Qf2 Nd5 29. Qa2 Qf7 30. Nc6 Nxe3 31. Qxf7+ Kxf7 32. Rxd8 1-0


[Site "https://www.chess.com"]

[Event "Titled Tuesday Blitz September 27 Early 2022"]
[White "Koridze, Lile"]
[Black "Adewumi, Tanitoluwa"]
[WhiteFideId "13612514"]
[BlackFideId "30966396"]
[WhiteElo "2050"]
[BlackElo "2568"]
[Result "0-1"]
[Round "07"]
[TimeControl "180+1"]
[Date "2022.09.27"]
[WhiteClock "0:00:03"]
[BlackClock "0:00:17"]

1. d4 Nf6 2. c4 e6 3. Nc3 Bb4 4. e3 O-O 5. Bd3 d5 6. Ne2 b6 7. O-O dxc4 8. Bxc4 Bb7 9. Qc2 c5 10. a3 cxd4 11. axb4 dxc3 12. bxc3 Qc7 13. Bd3 Ng4 14. Ng3 h5 15. h3 h4 16. hxg4 hxg3 17. f3 Qd8 18. Rd1 Qh4 19. e4 Qh2+ 20. Kf1 f5 21. gxf5 exf5 22. Be3 Qh1+ 23. Bg1 Nc6 24. exf5 Ne5 25. Be4 Bxe4 26. Qxe4 Rae8 27. Re1 Kh8 28. Rad1 g6 29. fxg6 Nxf3 30. g7+ Kxg7 31. Qg4+ Ng5+ 32. Qf3 Rxf3+ 33. gxf3 Qxf3+ 34. Bf2 Qxf2# 0-1


[Site "https://www.chess.com"]

[Event "Titled Tuesday Blitz September 27 Early 2022"]
[White "Koziorowicz, Michal"]
[Black "Tomaszewski, Kacper"]
[WhiteFideId "21809194"]
[BlackFideId "1127373"]
[WhiteElo "2722"]
[BlackElo "2529"]
[Result "0-1"]
[Round "07"]
[TimeControl "180+1"]
[Date "2022.09.27"]
[WhiteClock "0:00:03"]
[BlackClock "0:00:06"]

1. Nf3 d5 2. g3 Nf6 3. Bg2 g6 4. O-O Bg7 5. d3 O-O 6. Nbd2 Nc6 7. Re1 e5 8. e4 dxe4 9. dxe4 a5 10. c3 b6 11. h4 Ba6 12. Qa4 b5 13. Qc2 a4 14. b4 Qe7 15. a3 Rfd8 16. Bb2 Ng4 17. c4 Nd4 18. Qc3 c5 19. cxb5 cxb4 20. Qxb4 Qxb4 21. axb4 Bxb5 22. Nxd4 exd4 23. e5 Rac8 24. Nf3 d3 25. Bf1 Nxf2 26. Kxf2 Rc2+ 27. Ke3 Bh6+ 28. Ng5 Rxb2 29. Reb1 a3 30. Rd1 a2 31. Rd2 Rxb4 32. Raxa2 Bxg5+ 33. hxg5 Re8 34. Bxd3 Rxe5+ 35. Kf2 Bxd3 36. Rxd3 Rxg5 37. Kg2 Kg7 38. Ra7 Rb2+ 39. Kh3 Rh5+ 40. Kg4 Rf5 41. Ra1 Rb4+ 42. Kh3 h5 43. Ra2 Rg4 44. Re3 Rd4 45. Rb2 Rd6 46. Kg2 Rdf6 47. Kh3 Rf3 48. Re4 Rc3 49. Kh2 Rff3 50. Rg2 Rc1 51. Ra4 Rff1 52. Re2 Rh1+ 53. Kg2 Rcg1+ 54. Kf2 Rh2+ 55. Kf3 Rf1+ 56. Rf2 Rhxf2+ 0-1


[Site "https://www.chess.com"]

[Event "Titled Tuesday Blitz September 27 Early 2022"]
[White "Krishnan, Varun"]
[Black "Bowden, Karl"]
[WhiteFideId "5054508"]
[BlackFideId "400548"]
[WhiteElo "2623"]
[BlackElo "2466"]
[Result "0-1"]
[Round "07"]
[TimeControl "180+1"]
[Date "2022.09.27"]
[WhiteClock "0:01:04"]
[BlackClock "0:00:09"]

1. e4 e5 2. Nf3 d5 3. Nxe5 Bd6 4. d4 dxe4 5. Bf4 Ne7 6. Bc4 Bxe5 7. Bxe5 O-O 8. c3 Nd7 9. Bg3 Nf5 10. O-O Nf6 11. Re1 Nxg3 12. hxg3 Re8 13. Nd2 Be6 14. Bxe6 Rxe6 15. Qc2 Qd5 16. Qb3 Qg5 17. Nc4 b6 18. Ne5 Rae8 19. a4 Ng4 20. Rxe4 Nxe5 21. dxe5 Qf5 22. Rae1 Rxe5 23. Qb5 Qxe4 24. Rxe4 Rxe4 25. Qa6 R8e6 26. Qxa7 Re1+ 27. Kh2 Rh6# 0-1


[Site "https://www.chess.com"]